 Dungeon Crawl Stone Soup version 0.29.0-10-g45618ea6d2 (webtiles) character file.

Game seed: 14660963783101602332

87303 casanoah the Eclecticist (level 16, -3/121 HPs)
             Began as a Djinni Hedge Wizard on Sept 1, 2022.
             Was a Priest of Ashenzari.
             Slain by an ogre
             ... wielding a +0 giant club
             ... led by an orc warlord
              (17 damage)
             ... on level 1 of the Orcish Mines.
             The game lasted 01:17:22 (39268 turns).

casanoah the Eclecticist (Djinni Hedge Wizard)     Turns: 39268, Time: 01:17:23

Health: -3/121     AC: 23    Str:  9    XL:     16   Next: 37%
Gold:   1347       EV:  5    Int: 30    God:    Ashenzari [***...] SH:  0 Dex: 21

rFire   + + .      SeeInvis +   t - +3 scimitar "Soothsayer of Ashenzari" {flame, Melee, Evo} (curse)
rCold   . . .      Faith    .   (no shield)
rNeg    . . .      Spirit   .   m - +0 plate armour of Tefraum {Regen+ Int+3 Dex+3}
rPois   ∞          Reflect  .   c - +0 hat "Omen of the Lashed Sage" {Melee, Self} (curse)
rElec   .          Harm     .   q - +1 cloak "Eternal With Me" {Int+3 Dex+5 SInv Stlth-, Cun, Melee} (curse)
rCorr   .          Rampage  .   (no gloves)
Will    +....      Clarity  +   (boots unavailable)
Stlth   ..........              E - amulet of the Circumscribed Sky {Regen+, Evo, Fort} (curse)
HPRegen 1.90/turn               i - ring "Gaze Upon Infinity" {rC+, Melee, Range} (curse)
MPRegen 0.00/turn               C - +4 ring of protection

@: flying, very slightly contaminated
A: sickness immunity, fire resistance 2, cold vulnerability 1, float, innate
caster, HP casting, extra vitality 1
a: Renounce Religion, Shatter the Chains


You were on level 1 of the Orcish Mines.
You worshipped Ashenzari.
Ashenzari was most pleased with you.
You visited 4 branches of the dungeon, and saw 21 of its levels.
You also visited: Sewer and Volcano.

You collected 1347 gold pieces.

Inventory:

Hand Weapons
 t - the cursed +3 scimitar "Soothsayer of Ashenzari" (weapon) {flame, Melee, Evo}
   (You took it off Erica on level 11 of the Dungeon)

   It burns those it strikes, dealing additional fire damage.
   Big, fiery blades are also staple armaments of hydra-hunters.
   It has a curse which improves the following skills: Melee Combat: Short
   Blades, Long Blades, Axes, Maces & Flails, Polearms, Staves and Unarmed
   Combat.
   Evocations: Evocations.
Armour
 c - the cursed +0 hat "Omen of the Lashed Sage" (worn) {Melee, Self}

   It has a curse which improves the following skills: Melee Combat: Short
   Blades, Long Blades, Axes, Maces & Flails, Polearms, Staves and Unarmed
   Combat.
   Introspection: Fighting and Spellcasting.
 f - +0 ice dragon scales
 m - the +0 plate armour of Tefraum (worn) {Regen+ Int+3 Dex+3}
   (You found it on level 6 of the Dungeon)

   Int:       It affects your intelligence (+3).
   Dex:       It affects your dexterity (+3).
   Regen:     It increases your rate of health regeneration.
 q - the cursed +1 cloak "Eternal With Me" (worn) {Int+3 Dex+5 SInv Stlth-, Cun, Melee}
   (You found it on level 4 of the Lair of Beasts)

   Int:       It affects your intelligence (+3).
   Dex:       It affects your dexterity (+5).
   SInv:      It lets you see invisible.
   Stlth:     It makes you less stealthy.
   It has a curse which improves the following skills: Cunning: Dodging and
   Stealth.
   Melee Combat: Short Blades, Long Blades, Axes, Maces & Flails, Polearms,
   Staves and Unarmed Combat.
Jewellery
 a - a ring of fire
 i - the cursed ring "Gaze Upon Infinity" (left hand) {rC+, Melee, Range}
   (You found it on level 1 of the Dungeon)

   [ring of protection from cold]

   rC:        It protects you from cold.
   It has a curse which improves the following skills: Melee Combat: Short
   Blades, Long Blades, Axes, Maces & Flails, Polearms, Staves and Unarmed
   Combat.
   Ranged Combat: Ranged Weapons and Throwing.
 l - a +6 ring of strength
 s - an amulet of the acrobat
 x - a ring of fire
 z - a ring of wizardry
 C - a +4 ring of protection (right hand)
 E - the cursed amulet of the Circumscribed Sky (around neck) {Regen+, Evo, Fort}
   (You found it on level 3 of the Dungeon)

   [amulet of regeneration]

   Regen:     It increases your rate of health regeneration.
   It has a curse which improves the following skills: Evocations: Evocations.
   Fortitude: Armour and Shields.
 J - a ring of resist corrosion
 N - a ring of protection from cold
Wands
 L - a wand of mindburst (15)
Scrolls
 b - 4 scrolls of enchant armour
 h - 5 scrolls of fog
 k - a scroll of magic mapping
 o - 2 scrolls of blinking
 p - 4 scrolls of brand weapon
 A - 4 scrolls of vulnerability
 B - 4 scrolls of enchant weapon
 G - a scroll of teleportation
 K - 2 scrolls of acquirement
 O - a scroll of poison
Potions
 d - 4 potions of brilliance
 e - 2 potions of cancellation
 g - 6 potions of resistance
 n - a potion of attraction
 r - 3 potions of invisibility
 u - 3 potions of might
 v - 4 potions of lignification
 w - 5 potions of curing
 D - 2 potions of berserk rage
 F - 5 potions of haste
 H - 2 potions of mutation
 M - a potion of ambrosia


   Skills:
 * Level 12.0(13.5) Fighting
 + Level 6.3(10.2) Long Blades
 * Level 12.6(14.1) Armour
 + Level 5.7(7.3) Dodging
 + Level 4.7(6.3) Stealth
 + Level 15.6(17.1) Spellcasting


You had 12 spell levels left.
You knew the following spells:

 Your Spells              Type           Power      Damage    Failure   Level
a - Magic Dart            Conj           100%       1d8       1%          1
b - Blink                 Tloc           100%       N/A       1%          2
c - Call Imp              Summ           91%        N/A       1%          2
d - Slow                  Hex            100%       N/A       1%          1
e - Conjure Flame         Conj/Fire      91%        6-21      1%          3
f - Mephitic Cloud        Conj/Pois/Air  91%        N/A       1%          3
g - Summon Small Mammal   Summ           100%       N/A       1%          1
h - Poisonous Vapours     Pois/Air       100%       N/A       1%          2
i - Stone Arrow           Conj/Erth      100%       3d13      1%          3
j - Animate Armour        Summ/Erth      100%       N/A       1%          4
k - Sticky Flame          Conj/Fire      91%        2d10      1%          4
l - Manifold Assault      Tloc           91%        N/A       4%          5
m - Conjure Ball Lightni  Conj/Air       45%        3x3d16    26%         6
Your spell library was empty.

Dungeon Overview and Level Annotations

Branches:
Dungeon (15/15)            Temple (1/1) D:5            Lair (4/5) D:8
 Shoals (0/4) Lair:3       Spider (0/4) Lair:3          Orc (1/2) D:12
 Vaults (0/5) D:13          Sewer (visited)         Volcano (visited)
  Slime: Lair:4-5    Depths: D:15

Altars:
Ashenzari
Cheibriados
Dithmenos
Elyvilon
Fedhas
Gozag
Hepliaklqana
Makhleb
Nemelex Xobeh
Okawaru
Qazlal
Ru
Trog
Uskayaw
Wu Jian
Xom
Yredelemnul
Zin
The Shining One

Shops:
D:8 *   D:12 [   D:14 **

Annotations:
D:6 with phat loot
Lair:2 2 runed translucent doors, Dumidips's ghost, journeyman OpMo


Innate Abilities, Weirdness & Mutations

You are immune to sickness and miasma.
You are immune to poison.
Your flesh is very heat resistant. (rF++)
You are vulnerable to cold. (rC-)
You float through the air rather than walking.
You learn spells naturally, not from books.
Your magical power is your life essence.
You have superior vitality. (+4 MHP)


Message History

The orc sorcerer no longer looks unusually strong.
Unknown command.
Casting: Manifold Assault (dangerous; 4% risk of failure)
Confirm with . or Enter, or press ? or * to list all spells.
Space momentarily warps into an impossible shape!
You hit the sun demon. You completely miss the orc warlord.
You slash the ice devil! You burn the ice devil! You slice the orc sorcerer!!
You burn the orc sorcerer.
You kill the orc sorcerer!
The orange demon disappears in a puff of smoke!
The sun demon disappears in a puff of smoke!
The orc warrior hits you but does no damage.
Unknown command.
Casting: Manifold Assault (dangerous; 4% risk of failure)
Confirm with . or Enter, or press ? or * to list all spells.
You miscast Manifold Assault.
Nothing appears to happen.
The ice devil disappears in a puff of smoke!
The orc warrior hits you with a +0 battleaxe!
The orc warlord roars a battlecry!
The orcs go into a battle-frenzy!
Unknown command.
The orc warrior attacks as you move away!
The orc warrior hits you with a +0 battleaxe!
* * * LOW HITPOINT WARNING * * *
The orc sorcerer no longer looks unusually strong.
The orc warlord roars a battlecry!
The orc sorcerer goes into a battle-frenzy!
The orc sorcerer mumbles some strange words.
You hear a screech!
The orc warrior attacks as you move away!
The orc warrior hits you but does no damage.
The orc warrior attacks as you move away!
The orc warrior hits you with a +0 battleaxe!!
* * * LOW HITPOINT WARNING * * *
Blink to where?
Press: ? - help, Dir - move target
Found 13 gold pieces.
As you read the scroll of blinking, it crumbles to dust.
The ogre attacks as you move away! The ogre hits you with a +0 giant club!
You die...

, * , , #.
,#..........).
*...##.......#..).
$..#.....$#....)
............).# ,,
**...........)[## ,,
#........)...#..,
###..............
#....).@<>....... * ,
......Oo..)...... *
*, ,#..4o..).........
**,*##...ooo.[.[.....
* ##...o............
#§.o.............. ,
##T##........##..#
##.#.......... ...**
#.$.........


You could see an orc warlord (very poisoned), an orange demon (summoned), a
troll, 2 orc sorcerers, 3 orc warriors, an ogre and an orc (strong).

Vanquished Creatures
  Josephine (Lair:4)
  4 boulder beetles
  A vault guard (D:13)
  6 hydras
  An ogre mage (D:15)
  A rakshasa (D:15)
  Erica (D:11)
  A catoblepas (D:15)
  6 death yaks
  3 two-headed ogres
  6 centaur warriors
  A tengu warrior (D:15)
  A fire crab (Volcano)
  4 skeletal warriors (D:13)
  Amaemon (D:10)
  Lodul (D:10)
  An obsidian statue (Volcano)
  2 orc knights
  A lindwurm (Volcano)
  A wizard (D:14)
  A harpy (shapeshifter) (D:14)
  2 deep elf pyromancers (D:15)
  3 orc sorcerers (Orc:1)
  12 ugly things
  7 cyclopes
  3 manticores
  13 slime creatures
  A water nymph (shapeshifter) (D:13)
  3 black mambas
  11 elephants
  A torpor snail (Lair:2)
  A gargoyle (D:11)
  The ghost of LynnLen the Covert, a novice SpEn (D:6)
  An orange demon (D:11)
  11 cane toads
  3 rime drakes
  4 komodo dragons
  An efreet (D:13)
  2 kobold demonologists
  6 yaktaurs
  10 trolls
  A tengu conjurer (D:15)
  A meliai (D:15)
  A polar bear (Lair:4)
  Grinder (D:3)
  A nameless horror (Lair:2)
  16 blink frogs
  18 dream sheep
  Sigmund (D:3)
  3 shadows
  5 culicivoras (Lair:3)
  2 wyverns
  A water elemental (D:13)
  2 basilisks
  2 vampires
  9 fire bats (Volcano)
  21 yaks
  7 wraiths
  5 steam dragons
  12 vampire mosquitoes
  3 wargs
  3 acid dragons
  A naga (shapeshifter) (D:14)
  20 water moccasins
  A hell hound (Volcano)
  Duvessa (D:7)
  3 black bears (Lair:4)
  9 orc warriors
  2 sky beasts
  12 ogres
  5 wolves (Lair:2)
  A boggart (D:15)
  2 ice beasts
  18 centaurs
  4 kobold brigands
  9 bullfrogs
  5 necrophages (Lair:2)
  2 gnoll sergeants
  3 scorpions
  12 wights
  Dowan (D:7)
  10 killer bees
  4 electric eels
  6 howler monkeys
  6 lava snakes (Volcano)
  8 orc priests
  2 hounds
  A jelly (D:6)
  Natasha (D:3)
  3 iguanas
  14 orc wizards
  11 gnolls
  7 adders
  A shadow imp (D:6)
  3 white imps
  An ufetubus (D:7)
  5 worms
  63 orcs
  15 ball pythons
  7 endoplasms
  2 giant cockroaches
  4 goblins
  10 hobgoblins
  21 kobolds
  5 quokkas
  7 bats
  10 frilled lizards
  10 rats
604 creatures vanquished.

Vanquished Creatures (collateral kills)
  A yaktaur captain (D:15)
  2 hydras
  An ice dragon (D:15)
  A centaur warrior (D:15)
  3 ugly things (D:15)
  A freezing wraith (D:15)
  An efreet (D:15)
  Pargi (Sewer)
  An ogre (D:4)
  A kobold brigand (D:4)
  Natasha (twice) (D:3)
  4 orcs
  An endoplasm (D:4)
  A ball python (D:4)
  A rat (D:2)
22 creatures vanquished.

Vanquished Creatures (others)
  A wizard (D:15)
  An orc (D:8)
  A bush (Lair:2)
  35 fungi
  32 plants
70 creatures vanquished.

Grand Total: 696 creatures vanquished

Notes
Turn   | Place    | Note
-------+----------+-------------------------------------------
     0 | D:1      | casanoah the Djinni Hedge Wizard began the quest for the
                  | Orb.
     0 | D:1      | casanoah set off with the following spells memorised: Magic
                  | Dart, Blink, Call Imp, Slow, Conjure Flame, Mephitic Cloud.
     0 | D:1      | Reached XP level 1. HP: 15/15 MP: 0/0
   346 | D:1      | Reached XP level 2. HP: 20/21 MP: 0/0
   909 | D:1      | Reached XP level 3. HP: 24/25 MP: 0/0
   909 | D:1      | Learned a level 1 spell: Summon Small Mammal
  1566 | D:2      | Reached skill level 3 in Spellcasting
  2084 | D:2      | Reached XP level 4. HP: 25/31 MP: 0/0
  2861 | D:3      | Noticed Grinder
  3187 | D:3      | Noticed Sigmund
  3431 | D:3      | Found a hazy altar of Hepliaklqana.
  3444 | D:3      | Noticed Natasha
  3451 | D:3      | Killed Natasha
  3452 | D:3      | Reached XP level 5. HP: 6/36 MP: 0/0
  3452 | D:3      | Learned a level 2 spell: Poisonous Vapours
  3625 | D:3      | Noticed Natasha
  3692 | D:3      | Killed Natasha
  3693 | D:3      | Reached skill level 1 in Long Blades
  3837 | D:3      | Noticed Natasha
  3845 | D:3      | Killed Natasha
  4350 | D:4      | Reached skill level 1 in Fighting
  4781 | D:4      | Found a glowing drain.
  4831 | Sewer    | Entered a sewer
  4839 | Sewer    | Reached XP level 6. HP: 41/42 MP: 0/0
  5056 | Sewer    | Noticed Pargi
  5073 | Sewer    | Killed Pargi
  5074 | Sewer    | Reached skill level 4 in Spellcasting
  5523 | D:4      | Found a sacrificial altar of Ru.
  5691 | D:4      | Noticed an ogre
  5729 | D:4      | Killed an ogre
  5730 | D:4      | Reached XP level 7. HP: 6/47 MP: 0/0
  5730 | D:4      | Learned a level 3 spell: Stone Arrow
  6158 | D:4      | Identified the +9 short sword of Seire {freeze, rN+}
  6345 | D:5      | Entered Level 5 of the Dungeon
  6428 | D:5      | Found a glowing golden altar of the Shining One.
  6453 | D:5      | Reached skill level 5 in Spellcasting
  6734 | D:5      | Reached XP level 8. HP: 49/54 MP: 0/0
  6837 | D:5      | Found a staircase to the Ecumenical Temple.
  7205 | Temple   | Entered the Ecumenical Temple
  8407 | D:3      | You are sucked into a shaft and drop 3 floors!
  8480 | D:6      | Reached skill level 6 in Spellcasting
  8687 | D:6      | Noticed LynnLen's ghost (novice SpEn)
  8689 | D:6      | Found a runed translucent gate.
  8689 | D:6      | Found a runed translucent gate.
  8689 | D:6      | Found a runed translucent gate.
  8693 | D:6      | Noticed a boulder beetle
  8868 | D:3      | Killed Sigmund
  9073 | D:3      | Found a faded altar of an unknown god.
  9417 | D:3      | Killed Grinder
 10215 | D:6      | Found a shadowy altar of Dithmenos.
 10357 | D:6      | Reached XP level 9. HP: 57/61 MP: 0/0
 10357 | D:6      | Learned a level 4 spell: Animate Armour
 10518 | D:6      | Reached skill level 7 in Spellcasting
 11014 | D:6      | Found an iron altar of Okawaru.
 11757 | D:7      | Reached skill level 1 in Armour
 12012 | D:7      | Noticed Duvessa
 12019 | D:7      | Noticed Dowan
 12562 | D:7      | Noticed a troll
 12568 | D:7      | Killed a troll
 12569 | D:7      | Reached skill level 8 in Spellcasting
 12569 | D:7      | Reached XP level 10. HP: 59/69 MP: 0/0
 12665 | D:7      | Killed Duvessa
 12667 | D:7      | Killed Dowan
 13027 | D:7      | Found a sparkling altar of Nemelex Xobeh.
 13271 | D:8      | Reached skill level 5 in Fighting
 13349 | D:8      | Found a broken altar of Ashenzari.
 13464 | D:8      | Became a worshipper of Ashenzari the Shackled
 15036 | D:7      | Reached skill level 9 in Spellcasting
 15419 | D:8      | Found a staircase to the Lair.
 15442 | D:8      | Found Xipumm's General Store.
 16436 | D:9      | Noticed a two-headed ogre
 17380 | D:9      | Reached XP level 11. HP: 63/76 MP: 0/0
 17380 | D:9      | Learned a level 4 spell: Sticky Flame
 17760 | D:9      | Killed a two-headed ogre
 17761 | D:9      | Reached skill level 5 in Dodging
 17856 | D:9      | Found a stormy altar of Qazlal.
 17992 | D:9      | Reached skill level 10 in Spellcasting
 18024 | D:9      | Reached * piety under Ashenzari
 18024 | D:9      | Identified a scroll of acquirement
 18509 | D:9      | Reached ** piety under Ashenzari
 18851 | D:6      | Identified the +0 plate armour of Tefraum {Regen+ Int+3
                  | Dex+3}
 18852 | D:6      | Identified the +2 broad axe of Nightmares {vorpal, *Slow
                  | rElec Int+4}
 19172 | D:6      | Killed a boulder beetle
 19311 | D:6      | Killed LynnLen's ghost
 19312 | D:6      | Reached skill level 5 in Armour
 19527 | D:10     | Entered Level 10 of the Dungeon
 19879 | D:10     | Noticed a two-headed ogre
 19885 | D:10     | Killed a two-headed ogre
 19901 | D:10     | Noticed a two-headed ogre
 19917 | D:10     | Killed a two-headed ogre
 19985 | D:10     | Reached *** piety under Ashenzari
 19999 | D:10     | Found a basalt altar of Yredelemnul.
 20542 | D:10     | Found an opulent altar of Gozag.
 20543 | D:10     | Found an opulent altar of Gozag.
 20545 | D:10     | Found an opulent altar of Gozag.
 20553 | D:10     | Found an opulent altar of Gozag.
 20585 | D:10     | Reached XP level 12. HP: 61/88 MP: 0/0
 20761 | D:11     | Noticed Lodul
 20777 | D:11     | Noticed Amaemon
 20943 | D:10     | Killed Lodul
 20944 | D:10     | Reached skill level 11 in Spellcasting
 21022 | D:11     | Noticed Erica
 21028 | D:11     | Killed Erica
 21223 | D:10     | Killed Amaemon
 21434 | D:11     | Found a blossoming altar of Fedhas.
 21866 | Lair:1   | Entered Level 1 of the Lair of Beasts
 21964 | Lair:1   | Found a dark tunnel.
 21976 | Volcano  | Entered a volcano
 22310 | Volcano  | Noticed a soul eater
 22463 | Volcano  | Noticed a fire crab
 22474 | Volcano  | Killed a fire crab
 22501 | Volcano  | Reached XP level 13. HP: 89/96 MP: 0/0
 22501 | Volcano  | Learned a level 5 spell: Manifold Assault
 22507 | Volcano  | Found a burning altar of Makhleb.
 22590 | Lair:1   | Reached skill level 12 in Spellcasting
 23266 | Lair:1   | Noticed an eight-headed hydra
 23276 | Lair:1   | Killed an eight-headed hydra
 24202 | Lair:2   | Reached skill level 13 in Spellcasting
 24509 | Lair:2   | Found a large runed translucent door.
 24509 | Lair:2   | Found a large runed translucent door.
 24904 | Lair:2   | Noticed Dumidips's ghost (journeyman OpMo)
 25250 | Lair:3   | Found a hole to the Spider Nest.
 26029 | Lair:3   | Reached XP level 14. HP: 68/105 MP: 0/0
 26811 | Lair:3   | Found a staircase to the Shoals.
 27573 | Lair:4   | Reached skill level 10 in Fighting
 27601 | Lair:4   | Reached skill level 10 in Armour
 27953 | Lair:4   | Identified the +1 cloak "Nanuaf" {Int+3 Dex+5 SInv Stlth-}
 28379 | Lair:4   | Noticed Josephine
 28392 | Lair:4   | Killed Josephine
 29620 | Lair:4   | Reached skill level 14 in Spellcasting
 31115 | D:12     | Found a staircase to the Orcish Mines.
 31124 | D:12     | Found Dihunuot's Armour Boutique.
 31477 | D:13     | Reached XP level 15. HP: 85/113 MP: 0/0
 31477 | D:13     | Learned a level 6 spell: Conjure Ball Lightning
 33583 | D:13     | Reached skill level 5 in Long Blades
 33811 | D:13     | Found a gate to the Vaults.
 35030 | D:14     | Found a broken altar of Ashenzari.
 35284 | D:14     | Found Cegguc's General Store.
 35327 | D:14     | Identified the +9 mace of Inconvenience {pain, +Blink rN+}
 35392 | D:14     | Found Sesum's General Store.
 35438 | D:15     | Entered Level 15 of the Dungeon
 35477 | D:15     | Reached skill level 15 in Spellcasting
 36048 | D:15     | Found a shadowy altar of Dithmenos.
 36048 | D:15     | Found a broken altar of Ashenzari.
 36049 | D:15     | Found a hide-covered altar of Uskayaw.
 36743 | D:15     | Reached XP level 16. HP: 116/121 MP: 0/0
 38021 | D:15     | Noticed a storm dragon
 38021 | D:15     | Identified the Textbook on the Entourage and Charms
 38769 | Orc:1    | Entered Level 1 of the Orcish Mines
 39058 | Orc:1    | Paralysed by an orc sorcerer for 2 turns
 39268 | Orc:1    | Slain by an ogre

Illustrated notes

Levels and vault maps discovered:
D:1:      minmay_arrival_up_and_down, layout_basic
D:2:      layout_loops_cross
D:3:      layout_basic, mainiacjoe_overflow_boulevard, basic_ecumenical_altar,
          uniq_grinder, uniq_natasha, uniq_sigmund
D:4:      layout_loops_ring, kennysheep_little_box,
          nicolae_kikubaaqudgha_miasma_corner, gup_sewer_entry_bowl,
          chequers_serial_rivers_micro_b, grunt_ministairs_14
D:5:      layout_loops_corners, mainiacjoe_overflow_catwalk,
          minmay_temple_entry_arrows
D:6:      layout_basic, nicolae_overflow_hidden_temple, led_sif_pool,
          lemuel_round_altar, okawaru_altar_gauntlet_db, gammafunk_ghost_split
D:7:      layout_loops_ring, general_overflow_altar, glass_columns_a,
          minmay_manual_moon, uniq_duvessa
D:8:      layout_rooms, overflow_temple_1_default, lair_entry_dummy,
          special_room [special_room_orc], serial_shops, nicolae_shop_stone
D:9:      layout_stronghold, nicolae_qazlal_style_of_elements,
          grunt_ministairs_2
D:10:     layout_basic, nicolae_gozag_conspicuous_consumption,
          mainiacjoe_overflow_small_starburst
D:11:     layout_rooms, fedhas_altar_4, uniq_lodul, uniq_amaemon, uniq_erica
D:12:     layout_cave_pools, orc_david_3
D:13:     layout_basic, david_vaults_5, st_stairs_7
D:14:     layout_basic, dk_noncrumbling_3, serial_shops, shop, shop,
          hangedman_decor_slide_cut, cheibrodos_ashenzari_chains
D:15:     hangedman_slaughterboxes
Temple:   compressed_dpeg_triangle_lava_temple
Lair:1:   layout_loops_ring, nicolae_volcano_entry_two_sided
Lair:2:   layout_loops_ring, ebering_ghost_disaster_area, roderic_carrion_pond
Lair:3:   layout_cave_shapes, elwin_shoals_entry_rocks,
          hellmonk_spider_entry_life_and_decay, lemuel_fruit_fields
Lair:4:   layout_regular_city, gammafunk_lair_bear_cave, grunt_megastairs_1,
          uniq_josephine
Orc:1:    layout_caves, basic_altar, serial_shops, nicolae_shop_stone

Skill      XL: |  1  2  3  4  5  6  7  8  9 10 11 12 13 14 15 16 |
---------------+-------------------------------------------------+-----
Spellcasting   | 3 4 5 6 8 9 10 11 13 14 15 | 15.6
Stealth        | 2 3 4 |  4.7
Long Blades    | 1 2 3 4 5 6 |  6.3
Fighting       | 1 2 3 4 5 7 8 9 10 11 12 | 12.0
Dodging        | 3 4 5 |  5.7
Armour         | 2 3 5 8 9 11 12 | 12.6

Action                   |  1- 3 |  4- 6 |  7- 9 | 10-12 | 13-15 | 16-18 || total
-------------------------+-------+-------+-------+-------+-------+-------++-------
Melee: Falchion          |    30 |     8 |    34 |    36 |       |       ||   108
       Punch             |       |       |     2 |       |       |       ||     2
       Scimitar          |       |       |       |       |   184 |    93 ||   277
 Cast: Magic Dart        |    63 |   110 |    89 |   133 |    40 |    13 ||   448
       Call Imp          |     1 |    26 |     8 |     1 |     1 |       ||    37
       Slow              |       |     1 |       |     3 |       |       ||     4
       Blink             |       |     1 |       |     5 |     6 |     2 ||    14
       Stone Arrow       |       |       |    79 |   262 |   570 |    75 ||   986
       Poisonous Vapours |       |       |     9 |    73 |    70 |    16 ||   168
       Mephitic Cloud    |       |       |       |     7 |    24 |       ||    31
       Animate Armour    |       |       |       |     2 |     7 |     4 ||    13
       Conjure Flame     |       |       |       |       |    12 |       ||    12
       Manifold Assault  |       |       |       |       |    33 |    39 ||    72
Invok: Curse Item        |       |       |       |     4 |     2 |       ||     6
       Shatter the Chain |       |       |       |       |     1 |       ||     1
  Use: Scroll            |       |     4 |     1 |     5 |     3 |     4 ||    17
       Potion            |       |       |       |     1 |     3 |     6 ||    10
 Stab: Sleeping          |     3 |     1 |     1 |       |       |       ||     5
       Distracted        |       |       |       |     1 |       |       ||     1
       Confused          |       |       |       |       |     1 |       ||     1
Armor: Robe              |     7 |     6 |     9 |       |       |       ||    22
       Steam dragon scal |       |       |       |    12 |       |       ||    12
       Ice dragon scales |       |       |       |    50 |       |       ||    50
       Acid dragon scale |       |       |       |     1 |       |       ||     1
       Plate armour      |       |       |       |    42 |   340 |    66 ||   448
Dodge: Dodged            |    24 |    21 |    39 |   148 |   101 |    18 ||   351
